 Dungeon Crawl Stone Soup version 0.29.1 (webtiles) character file.

Game seed: 201921895257930965

732 sleeves the Destroyer (level 7, -2/36 HPs)
             Began as a Gargoyle Hedge Wizard on Sept 12, 2022.
             Was an Initiate of Sif Muna.
             Killed by divine providence
             ... invoked by an orc priest
              (15 damage)
             ... on level 5 of the Dungeon.
             The game lasted 00:11:21 (6932 turns).

sleeves the Destroyer (Gargoyle Hedge Wizard)       Turns: 6932, Time: 00:11:22

Health: -2/36      AC: 13    Str: 13    XL:     7   Next: 73%
Magic:  8/11       EV: 11    Int: 17    God:    Sif Muna [......]
Gold:   219        SH:  0    Dex:  9    Spells: 8/12 levels left

rFire   + . .      SeeInvis .   w - +1 dagger (venom)
rCold   + . .      Faith    .   (no shield)
rNeg    + . .      Spirit   .   x - +2 leather armour {rF+}
rPois   ∞          Reflect  .   c - +0 hat
rElec   +          Harm     .   q - +1 cloak
rCorr   .          Rampage  .   (no gloves)
Will    +....                   k - +1 pair of boots
Stlth   +.........              (no amulet)
HPRegen 0.12/turn               l - ring of willpower
MPRegen 0.12/turn               r - ring of protection from cold

@: very slightly contaminated
A: sickness immunity, AC +4, negative energy resistance 1, electricity
resistance, torment resistance 1, petrification resistance
a: Renounce Religion


You were on level 5 of the Dungeon.
You worshipped Sif Muna.
Sif Muna was noncommittal.
You visited 1 branch of the dungeon, and saw 6 of its levels.

You collected 219 gold pieces.

Inventory:

Hand Weapons
 a - a +0 dagger
 b - a +0 quarterstaff
   (You took it off an orc on level 4 of the Dungeon)
 w - a +1 dagger of venom (weapon)
   (You took it off a kobold on level 4 of the Dungeon)
Missiles
 e - a throwing net
Armour
 c - a +0 hat (worn)
 k - a +1 pair of boots (worn)
   (You found it on level 2 of the Dungeon)
 q - a +1 cloak (worn)
   (You found it on level 2 of the Dungeon)
 x - a +2 leather armour of fire resistance (worn)
   (You took it off an orc on level 4 of the Dungeon)
Jewellery
 l - a ring of willpower (left hand)
   (You found it on level 2 of the Dungeon)
 r - a ring of protection from cold (right hand)
   (You found it on level 2 of the Dungeon)
Scrolls
 g - a scroll of magic mapping {unknown}
 j - 2 scrolls of enchant armour {unknown}
 m - 3 scrolls of enchant weapon {unknown}
 n - 5 scrolls of identify {unknown}
 p - 2 scrolls of fear {unknown}
 s - a scroll of vulnerability {unknown}
 t - a scroll of immolation {unknown}
 u - a scroll of blinking {unknown}
Potions
 d - a potion of magic
 f - a potion of degeneration {unknown}
 h - a potion of curing {unknown}
 i - 2 potions of attraction {unknown}
 o - 2 potions of brilliance {unknown}
 v - a potion of flight {unknown}


   Skills:
 - Level 1.5 Dodging
 - Level 2.1 Stealth
 - Level 3.0 Spellcasting
 + Level 9.1 Conjurations
 - Level 0.8 Summonings
 - Level 0.8 Translocations


You had 8 spell levels left.
You knew the following spells:

 Your Spells              Type           Power      Damage    Failure   Level
a - Magic Dart            Conj           100%       1d8       1%          1
b - Mephitic Cloud        Conj/Pois/Air  12%        N/A       19%         3

Your spell library contained the following spells:

 Spells                   Type           Power      Damage    Failure   Level
 Conjure Flame            Conj/Fire      18%        6-21      11%         3
 Necrotise                Necr           8%         1d4       22%         1
 Slow                     Hex            8%         N/A       22%         1
 Blink                    Tloc           10%        N/A       24%         2
 Call Imp                 Summ           5%         N/A       24%         2
 Vampiric Draining        Necr           2%         2d6       54%         3
 Agony                    Necr           2%         N/A       99%         5


Dungeon Overview and Level Annotations

Branches:
Dungeon (6/15)
 Temple: D:4-7

Altars:
Makhleb
Okawaru
Sif Muna
Trog
Zin

Annotations:
D:2 exclusion: downstairs


Innate Abilities, Weirdness & Mutations

You are immune to sickness and miasma.
Your stone body is resilient. (AC +4)
You are immune to poison.
You resist negative energy. (rN+)
You are resistant to electric shocks. (rElec)
You are resistant to unholy torment.
You are immune to petrification.


Message History

g - Guard the area. f - Follow me.
Anything else - Cancel.
You shout for attention!
You see here a +0 hand axe.
You see here a +0 short sword.
Things that are here:
a +0 robe; a +0 dagger
There is an open door here.
There is an open door here.
As you open the door, it creaks loudly!
There is an open door here.
There is a burning altar of Makhleb here.
Things that are here:
a +0 whip; a +0 robe
There is an open door here.
There is an open door here.
Natasha is nearby!
Natasha is nearby!
The magic dart hits Natasha but does no damage.
The magic dart hits Natasha but does no damage.
Natasha claws you.
You closely miss Natasha. Natasha barely misses you.
You hit Natasha.
Natasha is poisoned.
Natasha is lightly wounded.
Natasha claws you.
You hit Natasha.
Natasha looks as sick as possible!
Natasha is moderately wounded.
Natasha closely misses you.
You hit Natasha.
Natasha looks as sick as possible!
Natasha is almost dead.
Natasha claws you but does no damage.
You barely miss Natasha.
Natasha is almost dead.
Natasha claws you but does no damage.
You hit Natasha but do no damage.
Natasha looks as sick as possible!
Natasha is almost dead.
You kill Natasha!
Natasha screams in pain as she dies!
Your Conjurations skill increases to level 5!
You have reached level 5!
You see here the felid corpse of Natasha.
You start resting.
Magic restored.
You start resting.
HP restored.
There is a stone staircase leading up here.
What are your orders? t - Shout!
Orders for allies: a - Attack new target. r - Retreat! s - Stop attacking. g - Guard the area. f - Follow me.
Anything else - Cancel.
You shout for attention!
What are your orders? t - Shout!
Orders for allies: a - Attack new target. r - Retreat! s - Stop attacking. g - Guard the area. f - Follow me.
Anything else - Cancel.
You shout for attention!
What are your orders? t - Shout!
Orders for allies: a - Attack new target. r - Retreat! s - Stop attacking. g - Guard the area. f - Follow me.
Anything else - Cancel.
You shout for attention!
What are your orders? t - Shout!
Orders for allies: a - Attack new target. r - Retreat! s - Stop attacking. g - Guard the area. f - Follow me.
Anything else - Cancel.
You shout for attention!
There is an open door here.
There is a stone staircase leading up here.
You see here the felid corpse of Natasha.
There is an open door here.
There is an open door here.
(D) Dungeon
Where to? (Enter - D:3 @ (x,y), ? - help)
There is an open door here.
There is an open door here.
There is a stone staircase leading down here.
You climb downwards.
There is a stone staircase leading up here.
An ice beast comes into view.
An ice beast is nearby!
An ice beast is nearby!
A goblin comes into view. It is wielding a +0 club.
A goblin is nearby!
The goblin shouts!
You closely miss the goblin. The goblin hits you but does no damage.
You hit the goblin.
The goblin is poisoned.
The goblin is heavily wounded.
The goblin hits you but does no damage.
You barely miss the goblin.
The goblin is severely wounded.
You kill the goblin!
No target in view!
No target in view!
No target in view!
Things that are here:
a +0 club; a goblin corpse You now have 148 gold pieces (gained 4).
n - 3 scrolls labelled FOARUNESSI (gained 1)
A phantom comes into view.
A phantom is nearby!
This spell is quite dangerous to cast!
Memorise Mephitic Cloud, consuming 3 spell levels and leaving 6?
You start memorising the spell.
You continue memorising. x3
You finish memorising.
Spell assigned to 'b'.
Okay, then.
There is a stone staircase leading up here.
Things that are here:
5 stones; a kobold skeleton A scorpion comes into view.
A scorpion is nearby!
The magic dart hits the scorpion.
The scorpion is lightly wounded.
The magic dart hits the scorpion.
The scorpion is moderately wounded.
The magic dart hits the scorpion.
The scorpion is moderately wounded.
The magic dart hits the scorpion.
The scorpion is heavily wounded.
The scorpion stings you.
You closely miss the scorpion.
The scorpion is heavily wounded.
The scorpion barely misses you. x2
You barely miss the scorpion.
The scorpion is heavily wounded.
The scorpion closely misses you.
You barely miss the scorpion.
The scorpion is heavily wounded.
The scorpion barely misses you.
You closely miss the scorpion.
The scorpion is heavily wounded.
The scorpion stings you but does no damage.
You closely miss the scorpion.
You punch the scorpion, but do no damage.
The scorpion is heavily wounded.
The scorpion stings you.
You hit the scorpion but do no damage.
The scorpion is poisoned.
The scorpion is heavily wounded.
The scorpion stings you but does no damage.
The scorpion stings you.
You closely miss the scorpion.
The scorpion is severely wounded.
The scorpion closely misses you.
You hit the scorpion.
The scorpion is almost dead.
You kill the scorpion!
No target in view!
No target in view!
No target in view!
No target in view!
Magic restored.
HP restored.
An adder comes into view.
An adder is nearby!
An adder is nearby!
The magic dart hits the adder.
The adder is heavily wounded.
The adder hisses angrily.
The magic dart hits the adder.
The adder is almost dead.
The magic dart hits the adder.
You kill the adder!
Your Conjurations skill increases to level 6!
You can't see any susceptible monsters within range! (Use Z to cast anyway.)
You can't see any susceptible monsters within range! (Use Z to cast anyway.)
You see here an adder corpse.
An orc comes into view. It is wielding a +0 dagger.
The orc shouts!
You hear a shout!
An orc comes into view. It is wielding a +0 hand axe.
There are monsters nearby!
There are monsters nearby!
The magic dart hits the orc.
The orc is moderately wounded.
You hear a shout!
An orc comes into view.
It is wielding a +0 dagger and wearing a +2 leather armour of fire resistance.
The magic dart hits the orc.
The orc is almost dead.
An ogre comes into view. It is wielding a +0 giant spiked club.
The magic dart hits the orc!
You kill the orc!
The ogre shouts!
You see here an adder corpse.
You see here 5 stones.
There is a stone staircase leading up here.
The magic dart hits the orc.
The orc is lightly wounded.
The magic dart hits the orc.
The orc is heavily wounded.
The magic dart hits the orc but does no damage.
The orc is heavily wounded.
The magic dart hits the orc but does no damage.
The orc is heavily wounded.
You hit the orc.
The orc is severely wounded.
The orc hits you but does no damage. The orc barely misses you.
You hit the orc but do no damage.
The orc is poisoned.
The orc is severely wounded.
The orc hits you with a +0 dagger. The orc barely misses you.
You hit the orc but do no damage.
The orc looks as sick as possible!
The orc is almost dead.
You kill the orc!
The orc hits you with a +0 hand axe.
You hit the orc but do no damage.
The orc is poisoned.
The orc hits you but does no damage.
You closely miss the orc. The orc hits you with a +0 hand axe.
You hit the orc.
The orc looks as sick as possible!
The orc is almost dead.
You kill the orc!
No target in view!
Things that are here:
a +0 dagger; a +2 leather armour of fire resistance; an orc corpse
Things that are here:
a +0 hand axe; a +0 leather armour; an orc corpse You see here 5 stones.
Found a stone staircase leading down.
Search for what [Enter for "weap", or ? for help]? leath You see here 5 stones.
Things that are here:
a +0 hand axe; a +0 leather armour; an orc corpse
Things that are here:
a +0 dagger; a +2 leather armour of fire resistance; an orc corpse
x - a +2 leather armour of fire resistance You start removing your armour.
You continue taking off your +0 robe. x4
You finish taking off your +0 robe.
You start putting on your armour.
You continue putting on your +2 leather armour of fire resistance. x5
You finish putting on your +2 leather armour of fire resistance.
You feel resistant to fire.
You drop a +0 robe.
r - a ring of protection from cold (right hand)
Okay, then.
You drop a +0 whip.
Search for what [Enter for "leath", or ? for help]? weap
Things that are here:
a +0 hand axe; a +0 leather armour; an orc corpse You see here 5 stones.
An ogre is nearby!
An ogre is nearby!
You see here 5 stones.
Things that are here:
a +0 hand axe; a +0 leather armour; an orc corpse You see here 5 stones.
(D) Dungeon
Where to? (Enter - D:4 @ (x,y), ? - help)
You see here 5 stones.
Things that are here:
a +0 hand axe; a +0 leather armour; an orc corpse
There is a stone staircase leading up here.
You climb upwards.
There is a stone staircase leading down here.
There is an open door here.
There is an open door here.
You see here the felid skeleton of Natasha.
There is a stone staircase leading up here.
Natasha, Servant of Life and Death comes into view.
You can't go down here!
The magic dart hits Natasha.
Natasha is lightly wounded.
Natasha hisses angrily.
Natasha mumbles some strange words.
You feel disoriented.
The magic dart hits Natasha.
Natasha is heavily wounded.
The magic dart hits Natasha.
Natasha is heavily wounded.
Natasha claws you.
The magic dart hits Natasha.
Natasha is severely wounded.
Natasha casts a spell at you.
The magic dart hits you but does no damage.
You hit Natasha.
Natasha is poisoned.
Natasha is almost dead.
You kill Natasha!
Natasha screams in fury as she dies!
You have reached level 6!
Magic restored.
Done exploring.
Done exploring.
Done exploring.
There is a stone staircase leading down here.
You climb downwards.
Level annotation: exclusion: ice beast The iguana hisses angrily.
A goblin comes into view. It is wielding a +0 club.
There is a stone staircase leading up here.
The magic dart hits the iguana.
The iguana is lightly wounded.
The endoplasm quivers.
The goblin shouts!
You hear a shout!
The magic dart hits the iguana but does no damage.
The iguana is lightly wounded.
An orc comes into view. It is wielding a +0 whip.
The magic dart hits the iguana but does no damage.
The iguana is lightly wounded.
Okay, then.
The orc hits you but does no damage.
The iguana bites you but does no damage.
You climb upwards.
There is a stone staircase leading down here.
The iguana attacks as you move away! The iguana barely misses you.
You hit the orc but do no damage. The orc barely misses you.
You barely miss the orc. The orc hits you but does no damage.
You hit the orc but do no damage.
The orc is poisoned.
The orc barely misses you.
You barely miss the orc.
The orc is moderately wounded.
The orc barely misses you.
You hit the orc but do no damage.
The orc is severely wounded.
The orc hits you but does no damage.
You completely miss the orc.
The orc is severely wounded.
The orc closely misses you.
You completely miss the orc.
The orc is almost dead.
You kill the orc!
You closely miss the iguana.
The iguana is lightly wounded.
The iguana bites you.
You hit the iguana.
The iguana is poisoned.
The iguana is lightly wounded.
The iguana bites you but does no damage.
You hit the iguana but do no damage.
The iguana looks even sicker.
The iguana is lightly wounded.
The iguana closely misses you.
You hit the iguana but do no damage.
The iguana looks as sick as possible!
The iguana is lightly wounded.
The iguana closely misses you.
You hit the iguana but do no damage.
The iguana looks as sick as possible!
The iguana is heavily wounded.
The iguana bites you.
You closely miss the iguana.
The iguana is severely wounded.
The iguana bites you but does no damage.
You hit the iguana.
The iguana looks as sick as possible!
The iguana is almost dead.
You kill the iguana!
No target in view!
No target in view!
No target in view!
No target in view!
No target in view!
No target in view!
No target in view!
There is a stone staircase leading down here.
Items here: ) [ ††.
Okay, then.
Magic restored.
There is an open door here.
There is a stone staircase leading down here.
You climb downwards.
Level annotation: exclusion: ice beast The endoplasm quivers.
Found four altars.
There is a stone staircase leading up here.
The endoplasm freezes you.
You are frozen.
You resist.
You barely miss the endoplasm.
The endoplasm hits you but does no damage.
You hit the endoplasm.
The endoplasm is heavily wounded.
The endoplasm hits you but does no damage.
You hit the endoplasm but do no damage.
The endoplasm is heavily wounded.
The endoplasm hits you but does no damage.
You barely miss the endoplasm.
The endoplasm is moderately wounded.
The endoplasm misses you.
You hit the endoplasm.
The endoplasm is severely wounded.
The endoplasm jiggles.
The endoplasm freezes you.
You are frozen.
You resist.
You barely miss the endoplasm.
The endoplasm is severely wounded.
The endoplasm freezes you.
You are frozen.
You resist.
You hit the endoplasm.
The endoplasm is almost dead.
The endoplasm hits you.
You hit the endoplasm.
You kill the endoplasm!
No target in view!
No target in view!
You start resting.
HP restored.
Unknown command.
There is a shimmering blue altar of Sif Muna here.
A hobgoblin comes into view.
The hobgoblin shouts!
A hobgoblin is nearby!
A hobgoblin is nearby!
The magic dart hits the hobgoblin.
The hobgoblin is moderately wounded.
The magic dart hits the hobgoblin.
The hobgoblin is severely wounded.
The magic dart hits the hobgoblin.
You kill the hobgoblin!
You can't see any susceptible monsters within range! (Use Z to cast anyway.) Magic restored.
As you open the door, it creaks loudly!
An endoplasm comes into view.
The endoplasm quivers.
Found a scroll labelled FOARUNESSI.
An endoplasm is nearby!
There is an open door here.
You hit the endoplasm.
The endoplasm is poisoned.
The endoplasm is lightly wounded.
The endoplasm hits you but does no damage.
You hit the endoplasm.
The endoplasm is heavily wounded.
The endoplasm hits you.
You hit the endoplasm.
The endoplasm is severely wounded.
You kill the endoplasm!
No target in view!
n - 4 scrolls labelled FOARUNESSI (gained 1)
An orc comes into view.
It is wielding a +0 hand axe and quivering boomerangs of dispersal.
An orc is nearby!
An orc is nearby!
The magic dart hits the orc.
The orc is moderately wounded.
You can't see any susceptible monsters within range! (Use Z to cast anyway.)
An orc is nearby!
The magic dart hits the orc.
You kill the orc!
You can't see any susceptible monsters within range! (Use Z to cast anyway.)
Things that are here:
a +0 hand axe; 3 boomerangs of dispersal; a +0 leather armour
Found a short sword.
An orc is nearby!
The magic dart hits the orc.
The orc is almost dead.
The orc shouts!
You hit the orc but do no damage.
The orc is poisoned.
The orc is severely wounded.
You kill the orc!
No target in view!
Things that are here:
a +0 quarterstaff; a +0 leather armour
Found a +0 hand axe.
Things that are here:
a +0 quarterstaff; a +0 leather armour
b - a +0 quarterstaff A sourceless malevolence fills the Dungeon...
You fall into a shaft and drop 2 floors!
The shaft crumbles and collapses.
Found a stone staircase leading up.
Unknown command.
Unknown command.
(D) Dungeon
Where to? (Enter - D:3 @ (x,y), ? - help)
There is a stone staircase leading up here.
You climb upwards.
There is a stone staircase leading down here.
Found a stone staircase leading down.
There is a stone staircase leading down here.
You now have 161 gold pieces (gained 13).
A centaur comes into view.
A centaur is nearby!
A centaur is nearby!
A centaur is nearby!
A centaur is nearby!
The centaur wields a +0 shortbow.
The centaur shoots an arrow.
The arrow barely misses you.
The centaur shoots an arrow.
The arrow hits you.
You start resting.
A centaur is nearby!
The centaur unwields a +0 shortbow.
The centaur barely misses you. x2
You closely miss the centaur.
The centaur hits you but does no damage.
The centaur kicks you but does no damage.
The centaur barely misses you. The centaur closely misses you.
You hit the centaur.
The centaur is lightly wounded.
The centaur hits you but does no damage.
The centaur barely misses you.
You hit the centaur.
The centaur is lightly wounded.
The centaur hits you but does no damage.
The centaur closely misses you. The centaur barely misses you.
The centaur kicks you but does no damage.
You barely miss the centaur.
The centaur is lightly wounded.
The centaur misses you.
The centaur kicks you but does no damage.
You hit the centaur but do no damage.
The centaur is poisoned.
The centaur is lightly wounded.
The centaur misses you. The centaur barely misses you.
The centaur completely misses you. The centaur barely misses you.
You completely miss the centaur.
The centaur is lightly wounded.
The centaur hits you but does no damage.
The centaur kicks you but does no damage.
You hit the centaur.
The centaur looks as sick as possible!
The centaur is moderately wounded.
The centaur hits you but does no damage.
The centaur closely misses you. The centaur hits you.
The centaur kicks you but does no damage.
You barely miss the centaur.
The centaur is moderately wounded.
The centaur misses you. The centaur closely misses you.
You hit the centaur.
The centaur looks as sick as possible!
The centaur is heavily wounded.
The centaur hits you but does no damage.
The centaur kicks you but does no damage.
The centaur misses you.
The centaur kicks you but does no damage.
You hit the centaur.
The centaur is almost dead.
The centaur barely misses you. The centaur closely misses you.
You barely miss the centaur.
The centaur is almost dead.
You kill the centaur!
Your Conjurations skill increases to level 7!
No target in view!
No target in view!
No target in view!
No target in view!
No target in view!
No target in view!
No target in view!
No target in view!
HP restored.
You see here a +0 shortbow.
Found 6 stones.
You open the door.
Found 5 silver javelins.
There is an open door here.
n - 5 scrolls labelled FOARUNESSI (gained 1)
You open the door.
There is an open door here.
Found a stone staircase leading up.
There is a stone staircase leading up here.
An ogre comes into view. It is wielding a +0 giant spiked club.
An ogre is nearby!
There is a stone staircase leading up here.
Casting: Magic Dart (safe; 1% risk of failure)
Confirm with . or Enter, or press ? or * to list all spells.
The spell is quite dangerous to miscast (26% risk of failure)!
Continue anyway?
Aiming: Mephitic Cloud (quite dangerous; 26% risk of failure)
Press: ? - help, Shift-Dir - straight line, f - ogre
Aim: an ogre, wielding a +0 giant spiked club (chance to affect: 77%)
The ball explodes into a vile cloud!
The stinking cloud engulfs the ogre but does no damage.
The ogre is engulfed in noxious fumes.
You climb upwards.
Level annotation: exclusion: ice beast
There is a stone staircase leading down here.
Magic restored.
Things that are here:
a +0 whip; a +0 robe; a +0 dagger
Things that are here:
a +0 leather armour; a +0 hand axe You see here 5 stones.
A phantom is nearby!
A phantom is nearby!
Okay, then.
The magic dart hits the phantom.
The phantom is moderately damaged.
The magic dart hits the phantom.
The phantom is heavily damaged.
The magic dart hits the phantom.
The phantom is heavily damaged.
You can't see any susceptible monsters within range! (Use Z to cast anyway.)
A phantom is nearby!
A phantom is nearby!
The magic dart hits the phantom.
The phantom is severely damaged.
The magic dart hits the phantom.
The phantom is almost destroyed.
The magic dart hits the phantom!
You destroy the phantom!
You see here a +0 dagger.
Key pressed, stopping explore.
You now have 165 gold pieces (gained 4).
An adder comes into view.
An adder is nearby!
The magic dart hits the adder.
The adder is lightly wounded.
The adder hisses angrily.
The magic dart hits the adder.
The adder is moderately wounded.
The magic dart hits the adder!
The adder is almost dead.
You can't see any susceptible monsters within range! (Use Z to cast anyway.)
An adder is nearby!
An adder is nearby!
The magic dart hits the adder.
You kill the adder!
You see here an adder corpse.
A sourceless malevolence fills the Dungeon... and a teleportation trap spontaneously manifests!
You are yanked towards a nearby monster!
Your surroundings suddenly seem different.
An orc is nearby!
An orc is nearby!
The magic dart hits the orc but does no damage.
The magic dart hits the orc.
The orc is lightly wounded.
The magic dart hits the orc.
The orc is severely wounded.
The magic dart hits the orc.
You kill the orc!
You can't see any susceptible monsters within range! (Use Z to cast anyway.)
You now have 175 gold pieces (gained 10).
Things that are here:
a +0 whip; a +0 leather armour; an orc corpse An orc comes into view.
It is wielding a +0 club.
An orc is nearby!
An orc is nearby!
The magic dart hits the orc.
The orc is lightly wounded.
The orc shouts!
The magic dart hits the orc.
The orc is moderately wounded.
The magic dart hits the orc but does no damage.
The orc is moderately wounded.
The magic dart hits the orc.
The orc is severely wounded.
The magic dart hits the orc.
You kill the orc!
The ogre shouts!
The ogre barely misses you. The ogre barely misses you.
Unknown command.
Casting: Magic Dart (safe; 1% risk of failure)
Confirm with . or Enter, or press ? or * to list all spells.
The spell is quite dangerous to miscast (24% risk of failure)!
Continue anyway?
Aiming: Mephitic Cloud (quite dangerous; 24% risk of failure)
Press: ? - help, Shift-Dir - straight line, f - ogre
Aim: an ogre, wielding a +0 giant spiked club (chance to affect: 77%)
The ball explodes into a vile cloud!
The stinking cloud engulfs the ogre but does no damage.
The stinking cloud engulfs the ice beast but does no damage.
You hear a shout!
The ogre is engulfed in noxious fumes.
The ogre appears confused.
Casting: Mephitic Cloud (quite dangerous; 24% risk of failure)
Confirm with . or Enter, or press ? or * to list all spells.
Aiming: Magic Dart (safe; 1% risk of failure)
Press: ? - help, Shift-Dir - straight line, f/p - ogre
Aim: an ogre, wielding a +0 giant spiked club (noxious fumes, confused, 100% to hit)
The magic dart hits the ogre.
The ogre is lightly wounded.
The ogre is engulfed in noxious fumes.
The ogre appears confused.
You hit the ice beast.
The ice beast is lightly wounded.
The ogre is engulfed in noxious fumes.
The ogre appears confused.
The ogre laughs at nothing.
The ice beast barely misses you.
You barely miss the ice beast.
The ice beast is lightly wounded.
The ice beast hits you but does no damage.
You hit the ice beast.
The ice beast is lightly wounded.
The ice beast closely misses you.
You hit the ice beast.
The ice beast is lightly wounded.
The ogre hits the ice beast with a +0 giant spiked club!!
The ogre hits itself with a +0 giant spiked club!!
The ogre is killed!
The ice beast barely misses you.
Your Conjurations skill increases to level 8!
You have reached level 7!
You hit the ice beast.
The ice beast is almost dead.
The ice beast closely misses you.
You hit the ice beast but do no damage.
The ice beast is poisoned.
The ice beast is almost dead.
The ice beast completely misses you.
You hit the ice beast but do no damage.
The ice beast is almost dead.
The ice beast barely misses you.
You hit the ice beast.
You kill the ice beast!
The goblin shouts!
You see here a +0 giant spiked club.
You closely miss the goblin. The goblin hits you but does no damage.
You closely miss the goblin. The goblin hits you but does no damage.
You hit the goblin.
The goblin is poisoned.
The goblin is severely wounded.
You kill the goblin!
A hound is nearby!
A hound is nearby!
A hound is nearby!
The magic dart hits the hound.
The hound is lightly wounded.
The hound barks!
The magic dart hits the hound.
The hound is moderately wounded.
The magic dart hits the hound.
The hound is heavily wounded.
The hound bites you but does no damage. The hound bites you.
The magic dart hits the hound.
The hound is almost dead.
The hound barely misses you.
You hit the hound but do no damage.
The hound is poisoned.
The hound is almost dead.
You kill the hound!
No target in view!
No target in view!
No target in view!
No target in view!
No target in view!
HP restored.
There is an open door here.
There is an open door here.
There is an open door here.
There is an open door here.
Key pressed, stopping explore.
An endoplasm comes into view.
An endoplasm is nearby!
The magic dart hits the endoplasm.
The endoplasm is moderately wounded.
The endoplasm quivers.
The magic dart hits the endoplasm.
The endoplasm is severely wounded.
The magic dart hits the endoplasm.
You kill the endoplasm!
You can't see any susceptible monsters within range! (Use Z to cast anyway.)
You can't see any susceptible monsters within range! (Use Z to cast anyway.)
Found a stone staircase leading down.
An orc comes into view. It is wielding a +0 dagger.
An orc is nearby!
The magic dart hits the orc!
You kill the orc!
You can't see any susceptible monsters within range! (Use Z to cast anyway.)
You can't see any susceptible monsters within range! (Use Z to cast anyway.)
j - 2 scrolls labelled JYUSHR ZIDOGOPU (gained 1)
You now have 178 gold pieces (gained 3).
Things that are here:
a +0 dagger; a +0 ring mail; an orc corpse
m - 3 scrolls labelled ACEINOTYWK (gained 1)
There is an open door here.
There is an open door here.
An orc comes into view. It is wielding a +0 hand axe.
An orc is nearby!
An orc is nearby!
The magic dart hits the orc.
The orc is almost dead.
The orc shouts!
The magic dart hits the orc.
You kill the orc!
You can't see any susceptible monsters within range! (Use Z to cast anyway.)
You can't see any susceptible monsters within range! (Use Z to cast anyway.)
You can't see any susceptible monsters within range! (Use Z to cast anyway.)
Things that are here:
a +0 hand axe; a +0 leather armour
g - a scroll labelled LUIVAO RIKIE
There is an open door here.
There is an open door here.
Found a ring mail.
An endoplasm comes into view.
The magic dart hits the endoplasm but does no damage.
The endoplasm quivers.
The magic dart hits the endoplasm!
You kill the endoplasm!
You can't see any susceptible monsters within range! (Use Z to cast anyway.)
You can't see any susceptible monsters within range! (Use Z to cast anyway.)
An endoplasm comes into view.
The endoplasm quivers.
An endoplasm is nearby!
An endoplasm is nearby!
The magic dart hits the endoplasm.
The endoplasm is heavily wounded.
The endoplasm hits you but does no damage.
The magic dart hits the endoplasm.
You kill the endoplasm!
You can't see any susceptible monsters within range! (Use Z to cast anyway.)
You can't see any susceptible monsters within range! (Use Z to cast anyway.)
There is an open door here.
You open the door.
There is an open door here.
You see here 5 stones.
Things that are here:
a +0 leather armour; a +0 hand axe
Things that are here:
a +0 club; a +0 leather armour
Things that are here:
a +0 whip; a +0 leather armour
There is an open door here.
There is an open door here.
Key pressed, stopping explore.
There is an open door here.
There is an open door here.
Things that are here:
a +0 whip; a +0 leather armour
Things that are here:
a +0 club; a +0 leather armour
There is a stone staircase leading up here.
Things that are here:
a +0 whip; a +0 robe; a +0 dagger Key pressed, stopping explore.
Done exploring.
Done exploring.
Search for what [Enter for "weap", or ? for help]? sif
Things that are here:
a +0 leather armour; a +0 hand axe You see here 5 stones.
There is a glowing silver altar of Zin here.
There is a shimmering blue altar of Sif Muna here.
You kneel at the altar of Sif Muna.
Sif Muna welcomes you!
Unknown command.
Press < or > to pray at altars.
Done exploring.
Done exploring.
Done exploring.
Done exploring.
Done exploring.
Done exploring.
Done exploring.
Done exploring.
(D) Dungeon
Where to? (Enter - D:4 @ (x,y), ? - help)
There is a glowing silver altar of Zin here.
The magic dart hits the endoplasm.
The endoplasm is moderately wounded.
The magic dart hits the endoplasm.
The endoplasm is heavily wounded.
You can't see any susceptible monsters within range! (Use Z to cast anyway.)
You can't see any susceptible monsters within range! (Use Z to cast anyway.)
An endoplasm is nearby!
An endoplasm is nearby!
The magic dart hits the endoplasm.
The endoplasm is severely wounded.
The magic dart hits the endoplasm.
You kill the endoplasm!
Sif Muna accepts your kill.
You can't see any susceptible monsters within range! (Use Z to cast anyway.) Done exploring.
Done exploring.
Done exploring.
(D) Dungeon
Where to? (Enter - D:5, ? - help)
You see here 5 stones.
Things that are here:
a +0 leather armour; a +0 hand axe
Things that are here:
a +0 whip; a +0 robe; a +0 dagger
There is a stone staircase leading down here.
You climb downwards.
The ogre closely misses you.
There is a stone staircase leading up here.
An ogre is nearby!
Unknown command.
You closely miss the ogre.
The ogre hits you with a +0 giant spiked club!!
Ouch! That really hurt!
* * * LOW HITPOINT WARNING * * *
Found 6 stones.
There is a stone staircase leading up here.
You climb upwards.
There is a stone staircase leading down here.
Key pressed, stopping explore.
HP restored.
Done exploring.
Done exploring.
There is an open door here.
There is an open door here.
There is an open door here.
There is an open door here.
There is a stone staircase leading down here.
You climb downwards.
There is a stone staircase leading up here.
There is a stone staircase leading up here.
You open the door.
There is an open door here.
You open the door.
There is an open door here.
You now have 195 gold pieces (gained 17).
You now have 202 gold pieces (gained 7).
You now have 219 gold pieces (gained 17).
You open the door.
There is an open door here.
There is an open door here.
You open the door.
There is an open door here.
There is an open door here.
Found a stone staircase leading up.
Found 4 stones.
You see here 4 stones.
Found an escape hatch in the ceiling.
Found 4 stones.
A scorpion comes into view.
You see here 4 stones.
A scorpion is nearby!
The magic dart hits the scorpion but does no damage.
The magic dart hits the scorpion.
The scorpion is lightly wounded.
You can't see any susceptible monsters within range! (Use Z to cast anyway.)
You can't see any susceptible monsters within range! (Use Z to cast anyway.)
A scorpion is nearby!
The magic dart hits the scorpion.
The scorpion is moderately wounded.
The magic dart hits the scorpion.
The scorpion is moderately wounded.
The magic dart hits the scorpion but does no damage.
The scorpion is moderately wounded.
The scorpion misses you.
The magic dart hits the scorpion but does no damage.
The scorpion is moderately wounded.
The scorpion stings you but does no damage.
You barely miss the scorpion.
The scorpion is moderately wounded.
The scorpion closely misses you. x2
You hit the scorpion but do no damage.
The scorpion is poisoned.
The scorpion is moderately wounded.
The scorpion barely misses you.
You barely miss the scorpion.
The scorpion is heavily wounded.
The scorpion barely misses you.
You closely miss the scorpion.
The scorpion is heavily wounded.
The scorpion closely misses you.
You barely miss the scorpion.
The scorpion is severely wounded.
The scorpion barely misses you.
You hit the scorpion.
The scorpion looks even sicker.
The scorpion is almost dead.
The scorpion closely misses you.
The scorpion stings you but does no damage.
You closely miss the scorpion.
The scorpion is almost dead.
You kill the scorpion!
Sif Muna accepts your kill.
Your Conjurations skill increases to level 9!
No target in view!
No target in view!
Magic restored.
An orc wizard comes into view. It is wielding a +0 dagger.
The orc wizard moves out of view.
An orc wizard is nearby! 2 orc priests, an orc wizard and an orc come into view.
An orc priest is wielding a +0 whip of venom.
The orc priest shouts!
The orc wizard shouts!
The orc shouts!
The orc priest shouts!
The orc wizard hits you but does no damage.
The orc moves out of view.
You closely miss the orc wizard. You barely miss the orc wizard.
The orc wizard hits you but does no damage.
You hit the orc priest.
The orc priest is poisoned.
The orc priest is lightly wounded.
The orc priest completely misses you. The orc wizard misses you.
You hit the orc priest.
The orc priest looks as sick as possible!
The orc priest is moderately wounded.
The orc priest miscasts a cantrip.
The orc wizard hits you but does no damage.
The orc wizard attacks as you move away!
The orc wizard hits you but does no damage.
You completely miss the orc priest.
The orc priest is moderately wounded.
The orc priest hits you but does no damage.
The orc wizard gestures wildly while chanting.
The orc wizard flickers and vanishes!
Deactivating autopickup; reactivate with Ctrl-A.
Unknown command.
You kill the orc priest!
Sif Muna accepts your kill.
Casting: Magic Dart (safe; 1% risk of failure)
Confirm with . or Enter, or press ? or * to list all spells.
The spell is quite dangerous to miscast (19% risk of failure)!
Continue anyway?
Okay, then.
Casting: Mephitic Cloud (quite dangerous; 19% risk of failure)
Confirm with . or Enter, or press ? or * to list all spells.
The spell is quite dangerous to miscast (19% risk of failure)!
Continue anyway?
Aiming: Mephitic Cloud (quite dangerous; 19% risk of failure)
Press: ? - help, Shift-Dir - straight line, f - orc priest
Aim: an orc priest, wielding a +0 whip of venom and wearing a +0 chain mail (chance to affect: 86%)
You miscast Mephitic Cloud.
You are very lightly contaminated with residual magic.
Nothing appears to happen.
You closely miss the orc priest.
The orc priest invokes the aid of Beogh against you.
Beogh smites you!
You hit the orc priest but do no damage.
The orc priest is poisoned.
The orc priest completely misses you.
You completely miss the orc priest.
The orc priest is lightly wounded.
The orc priest casts a cantrip, but nothing happens.
You hit the orc priest.
The orc priest is lightly wounded.
The orc priest hits you with a +0 whip of venom.
* * * LOW HITPOINT WARNING * * *
You hit the orc priest but do no damage.
The orc priest is lightly wounded.
The orc priest hits you with a +0 whip of venom.
* * * LOW HITPOINT WARNING * * *
The orc wizard casts a spell.
The orc wizard flickers and vanishes!
The orc priest invokes the aid of Beogh against you.
Beogh smites you!
You die...

...#.# ##.# ## #.#
#+ #.# #. #.# #.
#.# ##.# #.# ##...
#######.# #....
#.......#
#.##...###@#######
......o{o..#
..###.###### #


You could see an orc priest (very poisoned) and an orc.

Vanquished Creatures
  An ice beast (D:4)
  An ogre (D:4)
  A centaur (D:5)
  A phantom (D:4)
  2 scorpions
  A hound (D:4)
  An orc priest (D:5)
  An iguana (D:3)
  Natasha (twice) (D:3)
  An orc wizard (D:3)
  3 adders
  3 worms (D:2)
  15 orcs
  10 endoplasms
  A giant cockroach (D:1)
  7 hobgoblins
  5 quokkas
  5 ball pythons
  8 bats
  3 frilled lizards
  4 goblins
  9 kobolds
  A rat (D:1)
86 creatures vanquished.

Notes
Turn   | Place    | Note
-------+----------+-------------------------------------------
     0 | D:1      | sleeves the Gargoyle Hedge Wizard began the quest for the
                  | Orb.
     0 | D:1      | Reached XP level 1. HP: 10/10 MP: 4/4
   273 | D:1      | Reached skill level 2 in Conjurations
   276 | D:1      | Reached XP level 2. HP: 10/15 MP: 6/6
   427 | D:1      | Found a faded altar of an unknown god.
   703 | D:1      | Reached skill level 3 in Conjurations
   757 | D:2      | Reached XP level 3. HP: 12/19 MP: 2/7
   773 | D:2      | HP: 9/19 [bat (1)]
   944 | D:2      | HP: 8/19 [hobgoblin (2)]
  1867 | D:2      | Reached skill level 4 in Conjurations
  2155 | D:3      | Noticed Natasha
  2375 | D:3      | Reached XP level 4. HP: 24/24 MP: 5/8
  3190 | D:3      | Found a burning altar of Makhleb.
  3954 | D:3      | Killed Natasha
  3955 | D:3      | Reached skill level 5 in Conjurations
  3955 | D:3      | Reached XP level 5. HP: 21/28 MP: 7/9
  4142 | D:4      | Noticed an ice beast
  4231 | D:4      | Noticed a phantom
  4248 | D:4      | Learned a level 3 spell: Mephitic Cloud
  4381 | D:4      | Reached skill level 6 in Conjurations
  4411 | D:4      | Noticed an ogre
  4601 | D:3      | Noticed Natasha
  4607 | D:3      | Killed Natasha
  4608 | D:3      | Reached XP level 6. HP: 32/32 MP: 5/10
  4700 | D:4      | Found a shimmering blue altar of Sif Muna.
  4700 | D:4      | Found an iron altar of Okawaru.
  4700 | D:4      | Found a glowing silver altar of Zin.
  4700 | D:4      | Found a bloodstained altar of Trog.
  4993 | D:4      | You fall into a shaft and drop 2 floors!
  5000 | D:5      | Entered Level 5 of the Dungeon
  5116 | D:5      | Reached skill level 7 in Conjurations
  5498 | D:4      | Reached skill level 8 in Conjurations
  5498 | D:4      | Reached XP level 7. HP: 36/36 MP: 3/11
  6317 | D:4      | Became a worshipper of Sif Muna the Loreminder
  6390 | D:5      | HP: 14/36 [ogre/+0 giant spiked club (22)]
  6841 | D:5      | Reached skill level 9 in Conjurations
  6930 | D:5      | HP: 18/36 [orc priest/+0 whip of venom (4)]
  6932 | D:5      | Killed from afar by an orc priest

Illustrated notes

Levels and vault maps discovered:
D:1:      giann_forest_graveyard, layout_loops_ring,
          shapermc_ecumenical_altar_mp_ritualfount, serial_shops, shop
D:2:      layout_loops_ring
D:3:      minmay_skewed_foursquare, layout_loops_corners, bloody_makhleb,
          uniq_natasha
D:4:      layout_loops_corners, chequers_temple_overflow_statue_of_worship,
          minivault_24
D:5:      layout_loops_corners
D:6:      layout_cave_pools, old_standard_altar, nicolae_gozag_seed_capital,
          mainiacjoe_overflow_six_doors_small

Skill      XL: |  1  2  3  4  5  6  7 |
---------------+----------------------+-----
Conjurations   | 2 3 4 5 6 8 9 |  9.1
Dodging        | |  1.5
Stealth        | |  2.1
Spellcasting   | |  3.0
Summonings     | |  0.8
Translocations | |  0.8

Action                   |  1- 3 |  4- 6 |  7- 9 || total
-------------------------+-------+-------+-------++-------
Melee: Dagger            |    76 |    73 |    26 ||   175
       Punch             |       |     1 |       ||     1
 Cast: Magic Dart        |    89 |    98 |    24 ||   211
       Mephitic Cloud    |       |     2 |       ||     2
 Stab: Sleeping          |     1 |       |       ||     1
Armor: Robe              |    34 |    22 |       ||    56
       Leather armour    |       |    25 |    11 ||    36
Dodge: Dodged            |    60 |    58 |    16 ||   134
